AoeStats
← martin.fischer.ac

Black Forest

506878019Analyzed
4v4 RM · 17d ago on Sep 15, 2026· 45m 8s· 8 players
Game mode
Random Map
Map size
Large (8 player)
Population
200
Speed
Normal
Resources
Standard
Victory
Conquest
Starting age
Dark Age
Ending age
Imperial Age
RankedLock teamsTeams togetherTeam positionsShared explorationLock speedFull tech treeHidden civsTurbo modeCheats
Victory
Defeat
🇹🇷 Romans · Türkiye
857
+12
🇩🇪 Britons · Germany
844
+12
🇹🇷 Persians · Türkiye
838
+12
🇧🇷 Burgundians · Brazil
806
+14
🇨🇳 Chinese · China
827
-35
🇫🇷 Persians · France
790
-14
🇮🇳 Mongols · India
734
-12
🇬🇧 Vietnamese · United Kingdom
669
-9
Diego
0:46 Loom
15:11 Feudal Age
16:27 Wheelbarrow
15:41 Double-Bit Axe
16:29 Horse Collar
16:55 Gold Mining
17:18 Stone Mining
19:28 Town Watch
24:49 Castle Age
26:16 Heavy Plow
26:30 Bow Saw
26:59 Stone Shaft Mining
27:02 Gold Shaft Mining
27:50 Caravan
28:21 Coinage
29:32 Hand Cart
34:28 Imperial Age
35:39 Murder Holes
35:56 Masonry
36:48 Chemistry
35:58 Scale Barding Armor
36:04 Forging
35:55 Scale Mail Armor
37:13 Chain Barding Armor
38:05 Iron Casting
37:56 Ballistics
38:08 Architecture
38:46 Two-Man Saw
39:05 Town Patrol
39:23 Chain Mail Armor
41:24 Blast Furnace
41:11 Citadels
41:22 Conscription
42:51 Plate Mail Armor
42:12 Elite War Elephant
43:38 Plate Barding Armor
42:38 Pikeman
43:09 Halberdier
43:37 Arson
Pain
2:15 Loom
14:16 Feudal Age
15:23 Double-Bit Axe
15:22 Horse Collar
16:20 Wheelbarrow
18:16 Gold Mining
18:24 Stone Mining
23:44 Castle Age
25:45 Hand Cart
25:33 Heavy Plow
27:07 Bow Saw
26:59 Town Watch
26:58 Pikeman
27:39 Squires
28:25 Elite Skirmisher
29:19 Thumb Ring
30:11 Caravan
31:02 Forging
30:53 Scale Mail Armor
33:26 Chatras
34:19 Stone Shaft Mining
33:16 Crossbowman
33:59 Husbandry
40:08 Imperial Age
38:34 Town Patrol
38:47 Treadmill Crane
39:02 Murder Holes
39:28 Ballistics
39:54 Iron Casting
39:11 Fletching
40:04 Bloodlines
39:16 Light Cavalry
41:28 Crop Rotation
42:05 Two-Man Saw
41:32 Paper Money
41:37 Arbalester
44:27 Hoardings
43:13 Elite Rattan Archer
44:56 Chemistry
44:31 Cavalier
44:33 Elite Battle Elephant
45:18 Padded Archer Armor
chadengienjoyer
7:56 Loom
13:23 Feudal Age
17:27 Castle Age
23:49 Double-Bit Axe
25:24 Wheelbarrow
29:11 Town Watch
41:01 Imperial Age
39:51 Light Cavalry
42:20 Drill
41:53 Capped Ram
zgjxdanny
0:27 Loom
18:40 Feudal Age
26:18 Double-Bit Axe
26:19 Horse Collar
28:31 Gold Mining
31:29 Castle Age
33:55 Bow Saw
33:12 Pikeman
33:54 Squires
37:02 Stone Mining
37:54 Gold Shaft Mining
38:02 Fortified Wall
38:43 Elite Skirmisher
40:36 Forging
FthFth
2:19 Loom
16:37 Feudal Age
18:09 Double-Bit Axe
18:07 Horse Collar
18:19 Town Watch
21:19 Castle Age
21:02 Gold Mining
21:05 Stone Mining
23:02 Bow Saw
22:58 Heavy Plow
23:36 Gold Shaft Mining
22:41 Man-at-Arms
29:28 Murder Holes
29:44 Fortified Wall
29:55 Ballistics
31:51 Wheelbarrow
33:06 Hand Cart
32:52 Town Patrol
34:35 Masonry
35:21 Long Swordsman
36:53 Coinage
41:03 Imperial Age
39:43 Ballistas
40:28 Forging
40:09 Fletching
40:20 Scale Mail Armor
40:21 Padded Archer Armor
40:36 Scale Barding Armor
41:17 Heavy Scorpion
43:08 Chemistry
42:14 Siege Engineers
42:07 Bodkin Arrow
42:52 Iron Casting
42:50 Chain Mail Armor
43:34 Comitatenses
43:35 Conscription
42:59 Legionary
`TryAki
0:27 Loom
11:29 Feudal Age
20:17 Castle Age
18:21 Double-Bit Axe
19:37 Horse Collar
19:50 Stone Mining
34:14 Imperial Age
32:05 Caravan
32:51 Town Watch
33:43 Wheelbarrow
33:20 Bow Saw
33:18 Scale Barding Armor
33:23 Forging
33:12 Gold Mining
33:58 Stone Shaft Mining
33:26 Heavy Plow
34:44 Gold Shaft Mining
34:32 Chain Barding Armor
34:44 Hand Cart
34:31 Town Patrol
34:58 Conscription
34:57 Bloodlines
34:47 Husbandry
35:05 Elite War Elephant
36:28 Crop Rotation
37:06 Two-Man Saw
36:47 Plate Barding Armor
36:47 Iron Casting
37:14 Iron Casting
39:45 Blast Furnace
39:40 Devotion
41:24 Faith
| LEON | SAPULHA
0:27 Loom
15:14 Double-Bit Axe
18:32 Feudal Age
18:50 Horse Collar
20:39 Bow Saw
23:18 Castle Age
21:16 Gold Mining
25:43 Two-Man Saw
27:56 Heavy Plow
29:29 Wheelbarrow
31:07 Stone Mining
32:03 Gold Shaft Mining
32:50 Pikeman
32:55 Cavalier
35:02 Squires
34:50 Arson
39:05 Imperial Age
36:54 Hand Cart
36:43 Husbandry
39:06 Scale Barding Armor
39:02 Scale Mail Armor
39:12 Forging
38:55 Fletching
39:30 Burgundian Vineyards
39:12 Paladin
41:06 Halberdier
43:38 Chemistry
42:51 Fortified Wall
42:37 Murder Holes
43:03 Ballistics
44:57 Chain Barding Armor
44:53 Chain Mail Armor
45:14 Iron Casting
martin.fischer.ac
4:23 Loom
14:29 Feudal Age
19:01 Castle Age
17:30 Horse Collar
17:42 Double-Bit Axe
23:13 Wheelbarrow
23:28 Husbandry
23:57 Bow Saw
27:11 Forging
27:07 Scale Barding Armor
27:28 Heavy Plow
28:00 Hand Cart
27:31 Town Watch
36:20 Gold Mining
36:26 Stone Mining
39:51 Imperial Age
37:46 Ballistics
37:32 Caravan
39:44 Gold Shaft Mining
39:49 Crossbowman
40:21 Fletching
40:33 Padded Archer Armor
40:55 Conscription
40:55 Elite Longbowman
42:28 Capped Ram
44:22 Two-Man Saw
43:57 Town Patrol
Connection lost

Rejoining the realm…

Still unreachable

The connection could not be restored.

Session expired

The server has moved on; the page needs a fresh start.